[Event "Open Cappelle-la-Grande"]
[Date "2026.02.24"]
[White "Favaloro, Andrea"]
[Black "Pranesh M"]
[WhiteElo "2409"]
[BlackElo "2627"]
[Round "5.5.2"]
[Result "1/2-1/2"]
[TimeControl "40/5400+30:1800+30"]

Nf3 d5 g3 Nc6 d4 Bf5 Bg2 Nb4 Na3 e6 Nh4 Be4 f3 Bg6 c3 Nc6 Nxg6 hxg6 Nc2 Bd6 O-O Rxh2 Kxh2 Qh4+ Kg1 Bxg3 Re1 Nf6 e4 Nh5 exd5 Qh2+ Kf1 Bh4 dxc6 Ng3+ Kf2 Nh1+ Kf1 Ng3+ Kf2 [Variant "Standard"]
[Site "Europe Echecs"]

[Event "Open Cappelle-la-Grande"]
[Date "2026.02.24"]
[White "Pranav Anand"]
[Black "Poetsch, Hagen"]
[WhiteElo "2606"]
[BlackElo "2433"]
[Round "5.5.3"]
[Result "1/2-1/2"]
[TimeControl "40/5400+30:1800+30"]

e4 c6 d4 d5 e5 c5 Nf3 cxd4 Nxd4 Nc6 Nxc6 bxc6 Bd3 e6 Qe2 Ne7 Nd2 c5 c3 Nc6 Nf3 Be7 h4 Qb6 h5 a5 h6 g6 O-O Ba6 Rd1 O-O Rb1 Bxd3 Rxd3 Rae8 Bf4 Qb5 b3 a4 Bg5 axb3 axb3 Rb8 Qe3 Qb7 Ra1 Bxg5 Nxg5 Qe7 Ra6 Rfc8 Qf4 Rxb3 Rf3 Rb7 g3 Nb8 Ra8 Rf8 Qg4 Nc6 Rxf7 Rxa8 Rg7+ Kh8 Qf4 Qxg7 hxg7+ Kg8 Nxe6 Rf7 Qd2 d4 cxd4 cxd4 Qe2 Re8 Qa2 Nxe5 f4 d3 Ng5 d2 Qxd2 h6 fxe5 hxg5 Qxg5 Kxg7 Kg2 [Variant "Standard"]
[Site "Europe Echecs"]

[Event "Open Cappelle-la-Grande"]
[Date "2026.02.24"]
[White "Can, Emre"]
[Black "Flom, Gabriel"]
[WhiteElo "2541"]
[BlackElo "2423"]
[Round "5.5.4"]
[Result "1-0"]
[TimeControl "40/5400+30:1800+30"]

e4 e6 d4 d5 e5 c5 c3 Ne7 Nf3 Nf5 dxc5 Bxc5 Bd3 Nc6 O-O Nh4 Nbd2 Ng6 Nb3 Bb6 Re1 O-O Nbd4 h6 Nxc6 bxc6 Qa4 Qe8 b4 f5 Be3 Bd7 Bc5 Nf4 Bf1 Qg6 Kh1 Rfb8 Rab1 Qg4 Nd4 Ng6 Qc2 Bc7 Nf3 Bb6 Qd2 Nh4 Nd4 f4 Be7 f3 g3 Nf5 Nxf5 Qxf5 Bd6 Rc8 Ba6 Rd8 a4 Re8 a5 Bd8 Qd3 Qxd3 Bxd3 Be7 Bc5 Bg5 Rb2 Kf7 h4 Be7 Re3 Bxc5 Rxf3+ Ke7 bxc5 Reb8 Rb4 Rxb4 cxb4 g5 Rf6 gxh4 g4 Rg8 Be2 h5 gxh5 Be8 h6 Bg6 Bg4 Bf7 h7 Rh8 Rh6 d4 Be2 Kf8 Bd3 Kg7 Rxh4 Bg6 Rg4 Rxh7+ Kg2 Rh6 b5 [Variant "Standard"]
[Site "Europe Echecs"]

[Event "Open Cappelle-la-Grande"]
[Date "2026.02.24"]
[White "Rohith Krishna S"]
[Black "Bassini, Emile"]
[WhiteElo "2484"]
[BlackElo "2409"]
[Round "5.5.5"]
[Result "1-0"]
[TimeControl "40/5400+30:1800+30"]

c4 g6 Nf3 Bg7 d4 Nf6 g3 O-O Bg2 d6 Nc3 c5 O-O Nc6 d5 Na5 Nd2 e6 Rb1 exd5 cxd5 Bd7 b4 cxb4 Rxb4 b6 Nb5 Bxb5 Rxb5 Re8 Bb2 Rc8 e3 Nc4 Nxc4 Rxc4 Qa1 a6 Rb3 b5 Rd1 Qe7 Re1 Rec8 e4 Rc2 Bf3 Rxb2 Qxb2 Nxd5 Qa3 Nc7 Rd3 Rd8 Rdd1 Be5 Bg2 Rb8 Rb1 Bd4 Qd3 Qf6 Re2 Ne6 Rd1 Bc5 Kh1 g5 Qd5 Rd8 Qb7 Nd4 Red2 a5 Qd5 Ne6 Rd3 Kg7 Rf3 Qe5 Qb7 Rf8 Rf5 Qb2 Bf3 Kg8 Bh5 Qg7 Qe7 Kh8 Rxf7 Rxf7 Bxf7 Qc3 Bh5 Qe5 Bg4 h5 Qxe6 hxg4 Qxe5+ [Variant "Standard"]
[Site "Europe Echecs"]

[Event "Open Cappelle-la-Grande"]
[Date "2026.02.24"]
[White "Janzelj, Tim"]
[Black "Bacrot, Alexandre"]
[WhiteElo "2377"]
[BlackElo "2457"]
[Round "5.5.6"]
[Result "0-1"]
[TimeControl "40/5400+30:1800+30"]

e4 d6 d4 Nf6 Bd3 e5 c3 g6 Nf3 Nc6 O-O Bg7 Re1 O-O h3 h6 Nbd2 Re8 d5 Ne7 c4 Nd7 b4 a5 bxa5 Rxa5 Nb3 Ra8 Bb2 g5 c5 dxc5 Bb5 c6 dxc6 Nxc6 Bxc6 bxc6 Qc2 Qb6 Nfd2 Ba6 Nc4 Bxc4 Qxc4 Qb5 Rec1 Reb8 Qxb5 Rxb5 Rc2 f6 Nd2 Nb6 Nf1 Bf8 Bc1 Ra4 Ng3 Nc4 Ne2 Na5 Nc3 Rc4 Kf1 Rb8 Ke2 h5 Be3 Kf7 g4 h4 Rac1 Ke6 f3 Be7 Bd2 Nb7 Rb1 Rb4 Rcb2 Ra8 Nd1 Rxb2 Rxb2 Nd6 Nc3 Bd8 Be3 c4 Rb4 Nb5 Rxc4 Nxc3+ Rxc3 Rxa2+ Kd3 Ra6 Bc5 Be7 Be3 Bb4 Rc4 Bd6 Kc2 Ra2+ Kd3 Kd7 Rc2 Ra3+ Rc3 Ra6 Rb3 Kc7 Bc1 Ra4 Kc2 Bc5 Bb2 Bd4 Ra3 Rc4+ Kb3 Bxb2 Kxb2 Kb6 Ra8 Kc5 Rf8 Kd4 Rxf6 Rb4+ Kc2 c5 Rd6+ Ke3 Rd5 Kf4 Rxc5 Ra4 Kb2 Ra8 Rb5 Re8 Rb3 Kg3 Kc2 Kxh3 Kd2 Kg2 Ke3 h3 Rb2+ Kg3 Rb1 h2 Ra1 Rh8 [Variant "Standard"]
[Site "Europe Echecs"]

[Event "Open Cappelle-la-Grande"]
[Date "2026.02.24"]
[White "Lamaze, Simon"]
[Black "Godart, Francois"]
[WhiteElo "2450"]
[BlackElo "2372"]
[Round "5.5.7"]
[Result "1-0"]
[TimeControl "40/5400+30:1800+30"]

e4 e6 d4 d5 Nc3 dxe4 Nxe4 Nd7 Nf3 Ngf6 Nxf6+ Nxf6 c3 Be7 Bd3 c5 dxc5 Qc7 Qe2 Qxc5 Bg5 h6 Be3 Qa5 Bd4 O-O O-O Rd8 Rfe1 Bd7 Ne5 Be8 a3 Qc7 Nf3 Bc6 Rad1 b6 Ne5 Be8 Ng4 Nxg4 Qxg4 Bf8 h4 Rd5 Qe4 g6 Qf3 Rad8 Be4 Rh5 Bf6 Rxd1 Rxd1 Be7 g3 Bxf6 Qxf6 Qe5 Qe7 Qxe4 Qxe8+ Kg7 Rd8 Kf6 Rd7 Qe1+ Kg2 Qe4+ Kh2 Kf5 Rxf7+ Ke5 Qb5+ Qd5 f4+ [Variant "Standard"]
[Site "Europe Echecs"]

[Event "Open Cappelle-la-Grande"]
[Date "2026.02.24"]
[White "Chen, Muxi"]
[Black "Cheng, Bobby"]
[WhiteElo "2225"]
[BlackElo "2566"]
[Round "5.5.8"]
[Result "0-1"]
[TimeControl "40/5400+30:1800+30"]

e4 c5 Nf3 d6 d4 cxd4 Nxd4 Nf6 Nc3 a6 Be2 e5 Nb3 Be7 Be3 Be6 Nd5 Nbd7 Qd3 Bxd5 exd5 Rc8 c4 O-O O-O a5 Rae1 g6 Kh1 Re8 f4 a4 Nd2 exf4 Bxf4 Bf8 Bg5 Bg7 Qa3 Qb6 Bd1 Rxe1 Rxe1 Nc5 Be3 Nfd7 b4 axb3 Nxb3 Be5 Bg1 Kg7 Bc2 h5 Nd4 Qd8 Qh3 Ra8 Nf3 Bf6 Be3 Qc8 Bf4 Rxa2 Bb1 Ra6 Qg3 Qf8 Nh4 Bxh4 Qxh4 Ne5 Bxe5+ dxe5 Rxe5 Qd6 Re1 Nd7 Qd4+ Qf6 Qxf6+ Kxf6 Be4 Nc5 Bf3 Nd3 Rb1 Ra4 h3 Rxc4 Rxb7 Rd4 Kh2 Ne5 Rb3 Kg5 Ra3 h4 Rb3 Kf4 Ra3 f5 d6 Rxd6 Ra4+ Kg5 Bb7 Rb6 Bd5 Nd3 Bf3 Nf4 Rd4 Rb2 Rd6 Rb1 Rd2 Rf1 Bc6 Nh5 Bf3 Ng3 Rd1 Kf4 Rxf1 Nxf1+ Kg1 Nd2 Bd5 Kg3 Bf7 g5 Be6 f4 Bd7 f3 gxf3 Nxf3+ Kh1 Nd4 Bg4 Nc2 Kg1 Ne3 [Variant "Standard"]
[Site "Europe Echecs"]

[Event "Open Cappelle-la-Grande"]
[Date "2026.02.24"]
[White "Davoust, Nicolas"]
[Black "Raja Rithvik R"]
[WhiteElo "2223"]
[BlackElo "2535"]
[Round "5.5.9"]
[Result "0-1"]
[TimeControl "40/5400+30:1800+30"]

d4 Nf6 c4 e6 Nf3 d5 g3 dxc4 Bg2 a6 a4 Nc6 O-O Rb8 Be3 Nd5 Bg5 f6 e4 fxg5 exd5 exd5 Re1+ Be7 Nxg5 O-O Nh3 Bxh3 Bxh3 Bf6 Nc3 Bxd4 Re2 Kh8 Bg2 Rf5 Qd2 Qd6 Kh1 Rbf8 f4 Qc5 Rd1 b5 axb5 axb5 Bh3 R5f6 Bg2 Rd6 Rde1 Rdd8 Re6 b4 Ne2 Bf6 Rd1 c3 Qc1 Na5 bxc3 bxc3 f5 Qc4 Qa3 c2 Rf1 Nb3 h4 Ra8 Rxf6 gxf6 Qb2 Qxe2 Qxb3 Qxf1+ [Variant "Standard"]
[Site "Europe Echecs"]

[Event "Open Cappelle-la-Grande"]
[Date "2026.02.24"]
[White "Shchekachev, Andrei"]
[Black "Luong Phuong Hanh"]
[WhiteElo "2474"]
[BlackElo "2236"]
[Round "5.5.10"]
[Result "1/2-1/2"]
[TimeControl "40/5400+30:1800+30"]

Nf3 f5 g3 g6 Bg2 Bg7 d4 Nf6 c4 O-O Nc3 d6 O-O c6 Rb1 Qe8 d5 e5 dxc6 Nxc6 Nb5 Rb8 Qxd6 e4 Nfd4 Bd7 Nxc6 bxc6 Nc3 Be6 Bf4 Rd8 Qc5 Qf7 b3 Ng4 Qa5 Qf6 Na4 Qe7 h3 Nf6 Bc7 Rc8 Be5 Bf7 Rbd1 Rfd8 e3 Re8 Bd6 Qb7 Nc5 Qb6 Qxb6 axb6 Na4 Nd7 Bf4 b5 Rxd7 bxa4 Rfd1 axb3 axb3 Bf6 Rb7 g5 Bd6 c5 g4 fxg4 Bg3 gxh3 Bxh3 Rcd8 Rd6 Bg7 Rxd8 Rxd8 Bf5 h5 Rb8 Rxb8 Bxb8 Bf8 Bxe4 Kg7 Be5+ Kh6 f3 Bg6 Bc6 Bc2 Ba4 Kg6 Kf2 Kf5 Bc3 Ke6 Kg2 Bd6 Be1 Bd1 Bc3 h4 [Variant "Standard"]
[Site "Europe Echecs"]

[Event "Open Cappelle-la-Grande"]
[Date "2026.02.24"]
[White "Hansen, Soren Bech"]
[Black "Ruzhansky, Elias"]
[WhiteElo "2222"]
[BlackElo "2462"]
[Round "5.5.11"]
[Result "0-1"]
[TimeControl "40/5400+30:1800+30"]

e4 c5 Nf3 d6 d4 cxd4 Nxd4 Nf6 Nc3 Nc6 Bg5 Bd7 Qd2 a6 f3 e6 O-O-O Nxd4 Qxd4 Be7 Kb1 Qc7 Qd2 b5 Ne2 b4 Nd4 O-O h4 Rfc8 Rc1 e5 Ne2 a5 c4 Be6 Ng3 a4 Be2 Qa5 Nf1 h6 Bxf6 Bxf6 Qd3 Bd8 Ne3 Bb6 Nd5 Kf8 g4 Qc5 Qd2 Rab8 Rcd1 a3 b3 Bxd5 Qxd5 Ke7 Qxc5 Bxc5 Kc2 h5 Kd3 Rh8 Rdf1 Rh7 gxh5 Rxh5 f4 Rh6 f5 Rbh8 h5 g6 fxg6 fxg6 Rh4 gxh5 Bf3 Rg6 Rxh5 Rf8 Ke2 Rg3 Rh7+ Kd8 Rb7 Kc8 Rh7 Kb8 Rd7 Kc8 Rh7 Kb8 Rd7 Rh8 Rh1 Rxh1 Bxh1 Rxb3 [Variant "Standard"]
[Site "Europe Echecs"]

[Event "Open Cappelle-la-Grande"]
[Date "2026.02.24"]
[White "Duboue, Peio"]
[Black "Laignel, Quentin"]
[WhiteElo "2461"]
[BlackElo "2227"]
[Round "5.5.12"]
[Result "1-0"]
[TimeControl "40/5400+30:1800+30"]

e4 c6 Nf3 d5 d3 dxe4 dxe4 Qxd1+ Kxd1 Nf6 Nbd2 Nbd7 Ne1 h5 Nd3 h4 f4 Ng4 Nf3 e5 Nfxe5 Ngxe5 fxe5 Nc5 Nxc5 Bxc5 Bf4 Bg4+ Be2 O-O-O+ Ke1 Be6 h3 Bd4 c3 Bb6 Bg4 Bxg4 hxg4 Rde8 Kd2 Kd7 Raf1 Ke6 Bg5 Bd8 Bxd8 Rxd8+ Ke3 Rd7 Rd1 Rxd1 Rxd1 h3 gxh3 Rxh3+ Kf4 Rh2 Rd8 Rxb2 Re8+ Kd7 Rb8 Ke7 a4 a5 Ke3 b5 Rb7+ Ke6 Rc7 b4 Rxc6+ Kxe5 Rc5+ Kd6 Rd5+ Kc6 c4 Kb6 Rb5+ Ka6 Kd4 Rg2 c5 Rxg4 c6 Rg1 Rc5 Rd1+ Ke5 Rh1 Kd6 Rh6+ Kd7 Kb6 Rb5+ [Variant "Standard"]
[Site "Europe Echecs"]

[Event "Open Cappelle-la-Grande"]
[Date "2026.02.24"]
[White "Marie, Maxime"]
[Black "Degraeve, Remy"]
[WhiteElo "2201"]
[BlackElo "2448"]
[Round "5.5.13"]
[Result "0-1"]
[TimeControl "40/5400+30:1800+30"]

c4 e5 Nc3 Nf6 Nf3 e4 Ng5 c6 Qa4 Qe7 c5 e3 Nce4 exf2+ Kxf2 Qe5 Nxf6+ Qxf6+ Nf3 Bxc5+ d4 Bb6 Bg5 Qg6 h4 h6 h5 Qe6 Bf4 O-O g4 d5 e3 c5 g5 cxd4 exd4 Nc6 Bd3 Bd7 Rag1 Nxd4 Qxd4 Bxd4+ Nxd4 Qb6 Be3 Rfe8 Rh4 Rxe3 Kxe3 hxg5 [Variant "Standard"]
[Site "Europe Echecs"]

[Event "Open Cappelle-la-Grande"]
[Date "2026.02.24"]
[White "Vlandas, Baptiste"]
[Black "Levin, Guy"]
[WhiteElo "2135"]
[BlackElo "2440"]
[Round "5.5.14"]
[Result "0-1"]
[TimeControl "40/5400+30:1800+30"]

d4 d5 c4 dxc4 Nf3 Nf6 Nc3 a6 e4 b5 e5 Nd5 a4 e6 axb5 Nb6 bxa6 Rxa6 Rxa6 Bxa6 Be2 Be7 O-O O-O Be3 Nc6 Qb1 Nb4 Ne4 N6d5 Bd2 Qa8 Rc1 Nd3 Bxd3 cxd3 Nc5 Bxc5 Rxc5 Rb8 Ra5 Qc6 Qa1 Bb5 Ne1 Nb6 b3 Nd5 Qa3 Nc3 Bxc3 Qxc3 Qa1 Qxb3 Ra3 Qxa3 Qxa3 d2 Qa1 Be2 [Variant "Standard"]
[Site "Europe Echecs"]

[Event "Open Cappelle-la-Grande"]
[Date "2026.02.24"]
[White "El Zein, Bassam"]
[Black "Bournel, Antoine"]
[WhiteElo "2083"]
[BlackElo "2434"]
[Round "5.5.15"]
[Result "0-1"]
[TimeControl "40/5400+30:1800+30"]

d4 d5 Nf3 Nf6 c3 a5 Bg5 h6 Bh4 Bf5 Nbd2 e6 e3 Be7 Ne5 Nbd7 Nxd7 Nxd7 Bg3 O-O Be2 c6 O-O b5 Re1 Bg6 Nf3 Qb6 Bd3 Bxd3 Qxd3 c5 e4 dxe4 Qxe4 Nf6 Qe2 Rfd8 dxc5 Bxc5 Rad1 b4 h3 bxc3 bxc3 Nd5 Rc1 Rac8 Ne5 Qa7 Red1 f6 Nf3 e5 Qe4 Qf7 Rd2 Nb6 Rcd1 Rxd2 Rxd2 Bf8 Rb2 Nc4 Re2 Nd6 Qa4 Qc4 Qxc4+ Rxc4 Rc2 Ne4 Re2 Nxg3 fxg3 Rxc3 Rb2 a4 Ne1 h5 Nf3 a3 Rd2 Kf7 g4 hxg4 hxg4 Ke6 Kf1 Bc5 Nh4 Rc4 Nf5 Rxg4 [Variant "Standard"]
[Site "Europe Echecs"]

[Event "Open Cappelle-la-Grande"]
[Date "2026.02.24"]
[White "Toktomushev, Teimur"]
[Black "Siekanska, Maria"]
[WhiteElo "2428"]
[BlackElo "2223"]
[Round "5.5.16"]
[Result "1-0"]
[TimeControl "40/5400+30:1800+30"]

d4 d5 c4 e6 Nc3 c5 cxd5 cxd4 Qa4+ Bd7 Qxd4 exd5 Qxd5 Nf6 Qb3 Bc5 Nf3 O-O e3 Nc6 Be2 Be6 Qa4 a6 O-O b5 Qh4 b4 Rd1 Qc7 Ne4 Be7 Bd2 Bd5 Qg3 Qa7 Nxf6+ Bxf6 Bd3 Rfd8 e4 Bb3 Be3 Bxd1 Bxa7 Rxd3 Be3 Bxb2 Rb1 Bc2 Rf1 Re8 h4 a5 Ne1 Rc3 Nxc2 Rxc2 Rd1 a4 Qg5 b3 Qb5 bxa2 Qxa4 a1=Q Rxa1 Bxa1 Qxc2 Rc8 Qd1 Bd4 Bxd4 Rd8 g3 Nxd4 Kg2 Ne6 Qe2 g6 h5 Kg7 Qb2+ Nd4 Qc1 h6 Qc7 Ne6 Qe5+ Kh7 Qf6 [Variant "Standard"]
[Site "Europe Echecs"]

[Event "Open Cappelle-la-Grande"]
[Date "2026.02.25"]
[White "Can, Emre"]
[Black "Razafindratsima, Timothe"]
[WhiteElo "2541"]
[BlackElo "2504"]
[Round "6.6.1"]
[Result "0-1"]
[TimeControl "40/5400+30:1800+30"]

e4 e6 d4 d5 Nd2 c5 exd5 exd5 Ngf3 Nc6 Bb5 Bd6 dxc5 Bxc5 O-O Ne7 Nb3 Bd6 Bg5 O-O Bh4 Bg4 Re1 Qc7 Bg3 Bxg3 hxg3 Rad8 c3 Qb6 Bd3 Ng6 Qc2 Bxf3 gxf3 Nce5 Be2 f5 f4 Nxf4 gxf4 Qg6+ Kf1 Qh6 Bh5 Qxf4 Qe2 Nc4 Rad1 Nd6 Bf3 Ne4 Qe3 Qh4 Bxe4 fxe4 Nd4 Rde8 Rd2 Re5 f4 Rg5 Ne2 Qh1+ Ng1 Rxf4+ Qxf4 Rxg1+ Kf2 Rg2+ [Variant "Standard"]
[Site "Europe Echecs"]

[Event "Open Cappelle-la-Grande"]
[Date "2026.02.25"]
[White "Bacrot, Alexandre"]
[Black "Rohith Krishna S"]
[WhiteElo "2457"]
[BlackElo "2484"]
[Round "6.6.2"]
[Result "1/2-1/2"]
[TimeControl "40/5400+30:1800+30"]

g3 e5 Bg2 Nf6 d3 Nc6 Nf3 d5 O-O Be7 a3 a5 Nc3 O-O e4 dxe4 dxe4 Bg4 Be3 Qc8 Qd3 Rd8 Qc4 Be6 Qe2 h6 Rfd1 Ng4 Rxd8+ Qxd8 Rd1 Qf8 Bd2 Bc5 Be1 Nd4 Nxd4 Bxd4 Nd5 Bxd5 exd5 Nf6 c3 Bb6 b4 axb4 axb4 Qd6 Kh1 Re8 h3 Qd7 Kh2 Qf5 c4 Bd4 Qd3 Qd7 f4 h5 fxe5 Bxe5 Bc3 [Variant "Standard"]
[Site "Europe Echecs"]

[Event "Open Cappelle-la-Grande"]
[Date "2026.02.25"]
[White "Pranav Anand"]
[Black "Lamaze, Simon"]
[WhiteElo "2606"]
[BlackElo "2450"]
[Round "6.6.3"]
[Result "1-0"]
[TimeControl "40/5400+30:1800+30"]

e4 c5 Nf3 d6 d4 cxd4 Nxd4 Nf6 Nc3 a6 f4 e5 Nf3 Qc7 Bd3 Be7 Qe2 Nbd7 g4 Nxg4 Rg1 Nc5 f5 Nf6 Rxg7 Nxd3+ Qxd3 h6 Be3 Bf8 Rg2 b5 a4 b4 Nd5 Nxd5 exd5 Qd7 Nd2 Qxf5 Ne4 Be7 O-O-O Qd7 Rdg1 Qxa4 Rg8+ Rxg8 Rxg8+ Kd7 Bb6 Bb7 Qh3+ f5 Qxf5# [Variant "Standard"]
[Site "Europe Echecs"]

[Event "Open Cappelle-la-Grande"]
[Date "2026.02.25"]
[White "Pranesh M"]
[Black "Riff, Jean-Noel"]
[WhiteElo "2627"]
[BlackElo "2399"]
[Round "6.6.4"]
[Result "1-0"]
[TimeControl "40/5400+30:1800+30"]

e4 e5 Nf3 Nc6 Bc4 Nf6 d3 d5 exd5 Nxd5 O-O Bc5 Bb5 Bg4 h3 Bxf3 Qxf3 O-O c3 Nce7 Bc4 c6 Nd2 f5 Qe2 Ng6 Nf3 Qd6 d4 exd4 cxd4 Bb6 Re1 Kh8 Bd2 Ndf4 Qf1 Rad8 Rad1 h6 Ne5 Bxd4 Nf7+ Rxf7 Bxf7 Nh4 Bxf4 Qxf4 Bb3 Kh7 Kh1 Rd6 Qc4 Rd5 Re2 b5 Qc1 [Variant "Standard"]
[Site "Europe Echecs"]

[Event "Open Cappelle-la-Grande"]
[Date "2026.02.25"]
[White "Cheng, Bobby"]
[Black "Favaloro, Andrea"]
[WhiteElo "2566"]
[BlackElo "2409"]
[Round "6.6.5"]
[Result "1/2-1/2"]
[TimeControl "40/5400+30:1800+30"]

d4 d5 c4 e6 Nf3 Nf6 Nc3 Nbd7 g3 dxc4 Bg2 Rb8 O-O Be7 a4 a6 Nd2 b5 axb5 axb5 Bc6 b4 Na4 c3 bxc3 Bb7 Bxb7 Rxb7 Nc4 Ra7 cxb4 Bxb4 Rb1 Be7 Nc3 Qa8 Bf4 Nd5 Nxd5 Qxd5 Ne5 Nxe5 Rb8+ Bd8 dxe5 O-O Qxd5 exd5 Be3 Ra5 Rfb1 Be7 Rxf8+ Bxf8 Rb8 c5 Rc8 h6 h4 d4 Bf4 Ra6 Kg2 f6 exf6 Rxf6 Rc7 Bd6 Bxd6 Rxd6 Rxc5 d3 exd3 Rxd3 Rc6 Ra3 Kh3 Rf3 Kg2 Ra3 g4 Rb3 f3 Rb1 Kg3 Kh7 Re6 Ra1 g5 hxg5 hxg5 Ra4 Re4 Ra5 Kg4 g6 Re3 Kg7 f4 Rb5 Kf3 Rb4 Rd3 Ra4 Ke3 Kf7 Rd7+ Kg8 Rd4 Ra5 Ke4 Kf7 Rd7+ Kg8 Rd5 Ra4+ Ke5 Kf7 Rd7+ Kg8 Rd4 Ra5+ Rd5 Ra4 Rd8+ Kg7 Rd7+ Kg8 Re7 Kf8 Re6 Kf7 Rd6 Ra5+ Rd5 Ra4 Rd7+ Kg8 Rd4 Ra5+ Kf6 Ra6+ Ke5 Ra5+ Ke6 Rf5 [Variant "Standard"]
[Site "Europe Echecs"]

[Event "Open Cappelle-la-Grande"]
[Date "2026.02.25"]
[White "Raja Rithvik R"]
[Black "Bettalli, Francesco"]
[WhiteElo "2535"]
[BlackElo "2384"]
[Round "6.6.6"]
[Result "1/2-1/2"]
[TimeControl "40/5400+30:1800+30"]

d4 d5 c4 dxc4 Nf3 Nf6 e3 Bg4 Bxc4 e6 h3 Bh5 Nc3 c5 d5 exd5 Nxd5 Nxd5 Qxd5 Qxd5 Bxd5 Nc6 Bd2 f6 Bc3 Bf7 e4 Bxd5 exd5 Ne7 d6 Nf5 d7+ Kxd7 O-O-O+ Nd6 g4 Be7 h4 Kc6 Rhe1 Rae8 Re6 Kd7 Re3 Bd8 Red3 Bc7 g5 Rhf8 gxf6 gxf6 b4 b6 bxc5 bxc5 Ba5 Re6 Ra3 Rc8 Rd5 Bb6 Rh5 Re7 Rh6 Rf7 Bxb6 axb6 Rd3 Rc6 Rd5 Kc8 a4 Kb7 Nd2 Ne8 Rdh5 Rcc7 Nc4 Rcd7 a5 bxa5 Nxa5+ Kb6 Nc4+ Kb5 Na3+ Kb4 Nc2+ Kc4 Ne3+ Kd4 Nc2+ Kd3 Rxc5 Ke2 Rhh5 Rd1+ Kb2 Nd6 Ne3 Rb7+ Kc2 Rd2+ Kc1 Ne4 Rc2 Rxc2+ Kxc2 Rc7+ Kb3 Kxf2 Nd5 Ng3 Rh6 Rb7+ Kc4 f5 Nf6 f4 Rxh7 Rxh7 Nxh7 Nh5 Ng5 Kg3 Ne6 f3 Ng5 f2 Ne4+ Kxh4 Nxf2 [Variant "Standard"]
[Site "Europe Echecs"]

[Event "Open Cappelle-la-Grande"]
[Date "2026.02.25"]
[White "Eugene, Floryan"]
[Black "Moksh Amit Doshi"]
[WhiteElo "2478"]
[BlackElo "2354"]
[Round "6.6.7"]
[Result "1/2-1/2"]
[TimeControl "40/5400+30:1800+30"]

e4 e5 Nf3 Nc6 Bb5 a6 Ba4 Nf6 O-O Be7 d3 b5 Bb3 d6 a4 Rb8 axb5 axb5 Nc3 Bg4 Be3 O-O h3 Be6 Nd5 Bxd5 exd5 Nb4 c4 Nxd3 cxb5 Qd7 b6 cxb6 Qxd3 e4 Qe2 exf3 Qxf3 Rfc8 Bd4 Ne8 Rfc1 Bf6 Bxf6 Nxf6 Rc6 Qe7 Qf4 Rd8 Rd1 h6 Qb4 Qe4 Qxe4 Nxe4 Rd4 Nc5 Bc2 b5 b4 Na4 Bxa4 bxa4 Ra6 Rdc8 Rxa4 Rc1+ Kh2 Rb1 h4 h5 g3 g6 Kg2 Rb3 Rf4 Rb7 Rf6 R3xb4 Ra8+ Kg7 Rxd6 Rd4 Rdd8 Rb2 Ra3 Rbd2 d6 Rxd6 [Variant "Standard"]
[Site "Europe Echecs"]

[Event "Open Cappelle-la-Grande"]
[Date "2026.02.25"]
[White "Ruzhansky, Elias"]
[Black "Lacanrus, David"]
[WhiteElo "2462"]
[BlackElo "2324"]
[Round "6.6.8"]
[Result "1-0"]
[TimeControl "40/5400+30:1800+30"]

e4 c5 Nf3 Nc6 d4 cxd4 Nxd4 Nf6 Nc3 e5 Ndb5 d6 Bg5 a6 Na3 b5 Nd5 Be7 Bxf6 Bxf6 c4 b4 Nc2 O-O Qf3 Bg5 h4 Bh6 g4 f6 Be2 Be6 Rd1 Ra7 Qg3 a5 Rg1 g6 Rh1 Qb8 b3 Bg7 h5 a4 hxg6 hxg6 Qd3 axb3 axb3 Ra2 Nde3 Rd8 Kf1 Na5 Nd5 Rb2 Ncxb4 Rxb3 Qd2 Qb7 Ra1 Bxd5 Qxd5+ Qxd5 Nxd5 Nc6 c5 Rbb8 Ra6 Rb1+ Kg2 Rxh1 Kxh1 Nb8 c6 Nxa6 Bxa6 Kf7 c7 Rh8+ Kg2 f5 gxf5 gxf5 exf5 [Variant "Standard"]
[Site "Europe Echecs"]

[Event "Open Cappelle-la-Grande"]
[Date "2026.02.25"]
[White "Zamengo, Fulvio"]
[Black "Duboue, Peio"]
[WhiteElo "2375"]
[BlackElo "2461"]
[Round "6.6.9"]
[Result "1-0"]
[TimeControl "40/5400+30:1800+30"]

e4 e5 Nf3 Nf6 Nxe5 d6 Nf3 Nxe4 d3 Nf6 d4 d5 Bd3 Bd6 Qe2+ Be6 Ng5 Qe7 Nxe6 fxe6 Nd2 O-O O-O c5 c3 Nc6 Nf3 Rae8 g3 cxd4 cxd4 e5 dxe5 Nxe5 Nxe5 Qxe5 Qxe5 Bxe5 Kg2 Bd4 Bf4 b6 Rab1 Ne4 f3 Nc5 Bb5 Rc8 Rfe1 a6 Bf1 Rfe8 Rxe8+ Rxe8 b4 Ne6 Bd2 Rc8 Bd3 g6 f4 b5 f5 Nf8 Rb3 Rc6 a4 bxa4 Ra3 gxf5 Rxa4 Bc3 Bxc3 Rxc3 Bxf5 Rb3 h4 Kg7 h5 Kf6 g4 Ke5 Rxa6 Rxb4 Ra7 Ne6 Re7 Rb6 Bxe6 Rxe6 Rxh7 Kf4 Kh3 Rd6 Kh4 d4 h6 d3 Rf7+ Ke4 h7 d2 h8=Q d1=Q Qe8+ Kd4 Rf4+ Kc3 Qe5+ Kb3 Qb5+ Kc3 Qc5+ [Variant "Standard"]
[Site "Europe Echecs"]

[Event "Open Cappelle-la-Grande"]
[Date "2026.02.25"]
[White "Degraeve, Remy"]
[Black "Jacobsen, Mikkel Manosri"]
[WhiteElo "2448"]
[BlackElo "2291"]
[Round "6.6.10"]
[Result "0-1"]
[TimeControl "40/5400+30:1800+30"]

e4 c6 d4 d5 e5 Bf5 h4 h5 c4 e6 Nc3 dxc4 Bxc4 Nd7 Nge2 Be7 g3 b5 Bb3 b4 Nb1 Nh6 Nd2 c5 Nc4 Be4 O-O Nf5 Ne3 Nxd4 Nxd4 Nxe5 Ne2 Nf3+ Kg2 Nxh4+ Kh3 Nf3 Bc2 Bb7 Qxd8+ Rxd8 Ng1 g5 Nxf3 Bxf3 Bd1 g4+ Kh2 Rxd1 Rxd1 h4 Rd3 f5 Nc4 hxg3+ Kxg3 Be2 Nd6+ Kf8 Rd2 Rh3+ Kf4 Bf6 Nxf5 Rf3+ Ke4 exf5+ Kd5 Rxf2 Kxc5 g3 Rc2 Bd3 Bh6+ Bg7 Rd2 Bxh6 Rxd3 g2 Rg1 Bf4 Rh3 Kf7 Kxb4 Rxb2+ Kc4 Kf6 Kd3 Rxa2 Rh8 Bg3 Rg8 a5 Kc4 f4 Kd3 Kf5 Rc1 Ra3+ Kd2 Ke4 Rgc8 Bf2 [Variant "Standard"]
[Site "Europe Echecs"]

[Event "Open Cappelle-la-Grande"]
[Date "2026.02.25"]
[White "Zylka, Stanislaw"]
[Black "Levin, Guy"]
[WhiteElo "2347"]
[BlackElo "2440"]
[Round "6.6.11"]
[Result "0-1"]
[TimeControl "40/5400+30:1800+30"]

e4 c6 d4 d5 e5 Bf5 c4 e6 Nc3 dxc4 Bxc4 Nd7 Nge2 Nb6 Bb3 Ne7 O-O h5 Ng3 Bg6 Nce4 Nf5 Nxf5 Bxf5 Ng3 g6 Be3 h4 Nxf5 gxf5 Qe2 Be7 Kh1 Qd7 h3 Nd5 Rfc1 O-O-O Bd2 Kb8 Qf3 Rhg8 Rab1 Bg5 Bxg5 Rxg5 Bc4 Nb6 Bf1 Qd5 Qf4 Rdg8 Rc5 Qxa2 Qc1 Qb3 Ra1 Qb4 Rca5 Qxd4 Rxa7 Qxf2 Qd1 Nd5 Ra8+ Kc7 Rxg8 Rxg8 Qh5 Rf8 Qh6 Rd8 Qg7 Qxb2 Rd1 Rd7 [Variant "Standard"]
[Site "Europe Echecs"]

[Event "Open Cappelle-la-Grande"]
[Date "2026.02.25"]
[White "El Zein, Zayne-Eddine"]
[Black "Poetsch, Hagen"]
[WhiteElo "2294"]
[BlackElo "2433"]
[Round "6.6.12"]
[Result "0-1"]
[TimeControl "40/5400+30:1800+30"]

d4 Nf6 Nf3 b6 e3 Bb7 Bd3 g6 Nbd2 d5 Qe2 c5 c3 Bg7 O-O O-O Rd1 Nbd7 b3 Qc7 Bb2 e5 Nxe5 Nxe5 dxe5 Qxe5 Nf3 Qh5 Ba6 Bxa6 Qxa6 Ne4 Rac1 Rfd8 h3 Qf5 Ba1 Rd7 Qe2 Rad8 Nd2 b5 b4 c4 Nf3 Re7 Nd4 Qd7 Bb2 f5 Qc2 Rf8 Ra1 f4 exf4 Rxf4 f3 Ng3 Re1 Rff7 Qf2 Bxd4 cxd4 Nh5 Rxe7 Qxe7 Bc3 Nf4 Re1 Qg5 Kh2 Nd3 Re8+ Kg7 Qe3 Qxe3 Rxe3 a5 a3 axb4 axb4 Ra7 Re8 Ra2 Kg3 Rc2 Be1 Kf7 Re3 g5 Kg4 Kf6 g3 Nxe1 Rxe1 Rd2 f4 Rxd4 Ra1 gxf4 gxf4 h5+ Kf3 Kf5 [Variant "Standard"]
[Site "Europe Echecs"]

[Event "Open Cappelle-la-Grande"]
[Date "2026.02.25"]
[White "Bournel, Antoine"]
[Black "Ringuet, Noe"]
[WhiteElo "2434"]
[BlackElo "2252"]
[Round "6.6.13"]
[Result "1-0"]
[TimeControl "40/5400+30:1800+30"]

e4 d5 exd5 Qxd5 Nc3 Qd6 d4 Nf6 Nf3 c6 h3 Bf5 Ne5 e6 g4 Bg6 h4 Nd5 Bg2 Nxc3 bxc3 f6 Nxg6 hxg6 Qd3 f5 Rb1 b6 h5 Nd7 hxg6 Rxh1+ Bxh1 fxg4 c4 Rc8 Kf1 Be7 Bb2 Kd8 Re1 Bf6 Qe2 g3 fxg3 Qxg3 Qxe6 Qf4+ Ke2 Bg5 Bc1 Qh2+ Kd1 Qh5+ Qe2 Qxe2+ Kxe2 Bxc1 Rxc1 c5 c3 Ke7 Bd5 Rh8 Re1 Rh2+ Kd3+ Kd8 Rf1 Rh3+ Kc2 Rg3 Bf7 Nf8 dxc5 bxc5 Rf5 Nxg6 Rxc5 Ne7 Ra5 Rf3 Bd5 Rf2+ Kd3 g5 Be6 Nc6 Rc5 Kc7 Bd5 Rf6 Be4 g4 Rg5 Re6 Bd5 Re7 Rg8 Kb6 Rg6 Rc7 Rg5 Re7 Rg6 Rc7 Be4 Rd7+ Kc2 Rc7 Kb3 Kc5 Rg5+ Kb6 Rb5+ Ka6 Ka4 g3 c5 Rg7 Bd3 [Variant "Standard"]
[Site "Europe Echecs"]

[Event "Open Cappelle-la-Grande"]
[Date "2026.02.25"]
[White "Fiedorek, Michal"]
[Black "Toktomushev, Teimur"]
[WhiteElo "2288"]
[BlackElo "2428"]
[Round "6.6.14"]
[Result "1-0"]
[TimeControl "40/5400+30:1800+30"]

e4 c5 Nf3 d6 d4 cxd4 Nxd4 Nf6 Nc3 a6 Be3 e6 Be2 Be7 O-O O-O f4 Qc7 a4 Nc6 Kh1 Bd7 Qe1 b5 axb5 Nxd4 Bxd4 axb5 Rxa8 Rxa8 e5 dxe5 fxe5 Nd5 Nxd5 exd5 Bd3 b4 Qf2 Be6 h3 h6 Rd1 Qc8 Kh2 Ra5 Rf1 Ra2 Qf4 Bc5 Qf2 Bxd4 Qxd4 Qb8 b3 Ra7 Kg1 Qb7 Rf4 Qc7 Rf1 Ra8 Qxb4 Qxe5 Qf4 Qc3 Rf3 Qc5+ Kh2 Qe7 Qe5 Qg5 Qd4 f6 Re3 Bf7 Re7 Re8 Rxe8+ Bxe8 c3 Qe5+ Kg1 Qe1+ Bf1 Kh8 Qd3 Bc6 b4 f5 b5 Bb7 Qd4 Kh7 Qb6 Bc8 Qc7 d4 cxd4 Qe3+ Kh2 Qf2 Bc4 Qxd4 Qxc8 Qf4+ Kg1 Qc1+ Kf2 Qc2+ Kg3 Qc3+ Kf4 Qd4+ Kxf5 Qf2+ Ke5 Qg3+ Kd4 Qf2+ Kd5 Qxg2+ Kd6 Qg3+ Kc6 Qf3+ Kb6 Qf6+ Qe6 Qd8+ Kb7 [Variant "Standard"]
[Site "Europe Echecs"]

[Event "Open Cappelle-la-Grande"]
[Date "2026.02.25"]
[White "Degraeve, Jean-Marc"]
[Black "Helmer, Jan"]
[WhiteElo "2503"]
[BlackElo "2234"]
[Round "6.6.15"]
[Result "1-0"]
[TimeControl "40/5400+30:1800+30"]

e4 c5 Nc3 Nc6 Bb5 Nd4 Bc4 e6 Nge2 Ne7 Nxd4 cxd4 Ne2 Nc6 O-O Be7 c3 d5 exd5 exd5 Bb5 dxc3 dxc3 O-O Be3 Bf6 h3 Be6 Re1 a6 Bd3 Re8 Bc2 g6 Nd4 Rc8 Nf3 b5 a3 a5 Nd4 Nxd4 Bxd4 Bxd4 cxd4 Qb6 Qd2 Rc4 Rad1 Rec8 Bb1 b4 h4 Qd8 Qf4 Qc7 Qh6 Qd6 h5 Qf8 Qf4 Qg7 Re5 bxa3 bxa3 R4c6 Rde1 Qf8 g3 Qxa3 Kg2 Rc1 hxg6 hxg6 Bxg6 Rxe1 Rxe1 Qf8 Bb1 Qg7 Re5 Qh8 Rg5+ Kf8 Qd6+ Ke8 Bd3 Qh3+ Kf3 [Variant "Standard"]
[Site "Europe Echecs"]

[Event "Open Cappelle-la-Grande"]
[Date "2026.02.25"]
[White "Szczotka, Klara"]
[Black "Shchekachev, Andrei"]
[WhiteElo "2205"]
[BlackElo "2474"]
[Round "6.6.16"]
[Result "1-0"]
[TimeControl "40/5400+30:1800+30"]

d4 g6 c4 Bg7 Nc3 c5 d5 d6 e4 Bxc3+ bxc3 e5 Bd3 Nd7 Ne2 Qe7 g4 Qh4 Ng3 Kd8 Be3 Kc7 h3 h6 Qd2 a6 a4 a5 Kf1 Qf6 Kg2 Qg7 Kh2 Ne7 Rhg1 Ra6 Be2 Qf8 Raf1 g5 Rb1 Ng6 Nf5 Nf4 Rb5 h5 Bxf4 exf4 gxh5 Nf6 Bf3 Bxf5 exf5 Qe7 Qe2 Qxe2 Bxe2 Rg8 Bg4 Nd7 Re1 Ne5 f6 b6 Re4 Rh8 f3 Rh6 h4 gxh4 Rxf4 Ra8 Rb1 Re8 Rd1 Rhh8 Kh3 Rh7 Re1 Rg8 Ree4 Kd8 Rf5 Re8 Kxh4 Rg8 Rg5 Rg6 Rxg6 fxg6 Kg5 Rh8 [Variant "Standard"]
[Site "Europe Echecs"]